ITL
PORTLAND PRIVATEERS @ TUSCALOOSA TROUT SLAYERS
07/20/2027
 
TOP OF THE 1ST
Portland Privateers batting - Pitching for Tuscaloosa Trout Slayers : RHP Jesús Zapata
Pitching: RHP Jesús Zapata
Batting: SHB Patrick Larson 0-0: Ground out 1-3 (Groundball, 15)
Batting: RHB Carlos Castro 0-0: Called Strike
0-1: Called Strike
0-2: Ball
1-2: Ball
2-2: Foul Ball, location: 2F
2-2: Ball
3-2: Hit by Pitch
Pinch Runner at 1st Dave Nelson:
Batting: LHB Jeff Dorney 0-0: Called Strike
0-1: SINGLE (Line Drive, 9S)
Dave Nelson to second
Batting: LHB Yasuhiko Onodera 0-0: Foul Ball, location: 2F
0-1: Grounds into double play, 4-6-3 (Groundball, 4)
Top of the 1st over - 0 run(s), 1 hit(s), 0 error(s), 1 left on base; Portland 0 - Tuscaloosa 0
BOTTOM OF THE 1ST
Tuscaloosa Trout Slayers batting - Pitching for Portland Privateers : RHP Mario Ramos
Pitching: RHP Mario Ramos
Now at C: Dave Nelson
Batting: RHB Pat Fullerton 0-0: Ball
1-0: SINGLE (Line Drive, 8LS)
Batting: LHB Marcos Villarreal 0-0: Ball
1-0: Fielders Choice at 2nd, 4-6 (Groundball, 4)
Batting: LHB Pat Zimmerman 0-0: SINGLE (Line Drive, 34D)
Marcos Villarreal to second
Batting: LHB António Cedeño 0-0: Ball
1-0: Ball
2-0: Called Strike
2-1: Foul Ball, location: 2F
2-2: SINGLE (Line Drive, 4MD)
Marcos Villarreal to third
Pat Zimmerman to second
Batting: RHB Ben Morton 0-0: SINGLE (Groundball, 6MD)
Marcos Villarreal scores
Pat Zimmerman to third
António Cedeño to second
Runner from 3rd tries for Home, SAFE, no throw
Batting: LHB Ed Hart 0-0: Called Strike
0-1: SINGLE (Line Drive, 8LS)
António Cedeño to third
Ben Morton to second
Runner from 3rd tries for Home, SAFE, throw made home
Batting: RHB Shigemasa Ishida 0-0: Foul Ball, location: 2F
0-1: 3-RUN HOME RUN (Flyball, 78XD), Distance : 375 ft
Pitching: RHP Dan Ford
Batting: RHB Jason Saunders 0-0: Foul Ball, location: 2F
0-1: Foul Ball, location: 2F
0-2: Ball
1-2: Foul Ball, location: 2F
1-2: Ball
2-2: Foul Ball, location: 2F
2-2: SINGLE (Groundball, 6MD)
Batting: LHB Mark Owens 0-0: Foul Ball, location: 2F
0-1: SINGLE (Groundball, 4D)
Jason Saunders to second
Runner from 2nd tries for 3rd, SAFE, throw made to third
Batting: RHB Pat Fullerton 0-0: Foul Ball, location: 2F
0-1: Swinging Strike
0-2: Ball
1-2: Fly out, F7 (Flyball, 7LM)
Batting: LHB Marcos Villarreal 0-0: SINGLE (Line Drive, 9S)
Jason Saunders scores
Mark Owens to second
Batting: LHB Pat Zimmerman 0-0: Foul Ball, location: 2F
0-1: Called Strike
0-2: Ball
1-2: Ball
2-2: Foul Ball, location: 2F
2-2: Ball
3-2: Base on Balls
Mark Owens to third
Marcos Villarreal to second
Batting: LHB António Cedeño 0-0: Ball
1-0: Foul Ball, location: 2F
1-1: Ball
2-1: Ball
3-1: Base on Balls
Mark Owens scores
Marcos Villarreal to third
Pat Zimmerman to second
Batting: RHB Ben Morton 0-0: Called Strike
0-1: Ball
1-1: SINGLE (Groundball, 34D)
Marcos Villarreal scores
Pat Zimmerman to third
António Cedeño to second
Runner from 3rd tries for Home, SAFE, no throw
Pitching: RHP José García
Batting: LHB Ed Hart 0-0: Swinging Strike
0-1: Foul Ball, location: 2F
0-2: Ball
1-2: Ball
2-2: Strikes out swinging
Bottom of the 1st over - 10 run(s), 10 hit(s), 0 error(s), 2 left on base; Portland 0 - Tuscaloosa 10
TOP OF THE 2ND
Portland Privateers batting - Pitching for Tuscaloosa Trout Slayers : RHP Jesús Zapata
Batting: RHB Troy Lau 0-0: Ball
1-0: Called Strike
1-1: Foul Ball, location: 2F
1-2: Foul Ball, location: 2F
1-2: Fly out, F3 (Popup, 3L)
Batting: LHB Juan Acotia 0-0: SINGLE (Line Drive, 6MD)
Batting: LHB Pedro Padilla 0-0: Called Strike
0-1: 2-RUN HOME RUN (Flyball, 9D), Distance : 381 ft
Batting: LHB Dillon Beck 0-0: Called Strike
0-1: Ball
1-1: Fly out, F8 (Flyball, 8RD)
Batting: RHB José Balina 0-0: Called Strike
0-1: Ball
1-1: Ball
2-1: Swinging Strike
2-2: Foul Ball, location: 2F
2-2: Foul Ball, location: 2F
2-2: Fly out, F3 (Popup, 3D)
Top of the 2nd over - 2 run(s), 2 hit(s), 0 error(s), 0 left on base; Portland 2 - Tuscaloosa 10
BOTTOM OF THE 2ND
Tuscaloosa Trout Slayers batting - Pitching for Portland Privateers : RHP José García
Batting: RHB Shigemasa Ishida 0-0: Ground out 4-3 (Groundball, 4S)
Batting: RHB Jason Saunders 0-0: Called Strike
0-1: Ball
1-1: Ball
2-1: Ground out 6-3 (Groundball, 6S)
Batting: LHB Mark Owens 0-0: Swinging Strike
0-1: Called Strike
0-2: Ball
1-2: Foul Ball, location: 2F
1-2: Strikes out swinging
Bottom of the 2nd over - 0 run(s), 0 hit(s), 0 error(s), 0 left on base; Portland 2 - Tuscaloosa 10
TOP OF THE 3RD
Portland Privateers batting - Pitching for Tuscaloosa Trout Slayers : RHP Jesús Zapata
Batting: SHB Patrick Larson 0-0: Called Strike
0-1: Foul Ball, location: 2F
0-2: Ball
1-2: Ball
2-2: SINGLE (Line Drive, 6MD)
Batting: RHB Dave Nelson 0-0: Ball
1-0: Called Strike
1-1: Ball
2-1: Swinging Strike
2-2: Foul Ball, location: 2F
2-2: Grounds into double play, 6-4-3 (Groundball, 6)
Batting: LHB Jeff Dorney 0-0: Foul Ball, location: 2F
0-1: Ball
1-1: Called Strike
1-2: Strikes out looking
Top of the 3rd over - 0 run(s), 1 hit(s), 0 error(s), 0 left on base; Portland 2 - Tuscaloosa 10
BOTTOM OF THE 3RD
Tuscaloosa Trout Slayers batting - Pitching for Portland Privateers : RHP José García
Batting: RHB Pat Fullerton 0-0: Foul Ball, location: 2F
0-1: Ball
1-1: Swinging Strike
1-2: SINGLE (Groundball, 56) (infield hit)
Batting: LHB Marcos Villarreal 0-0: Called Strike
0-1: Ball
1-1: Foul Ball, location: 2F
1-2: Strikes out swinging
Batting: LHB Pat Zimmerman 0-0: Ball
1-0: Ball
2-0: Called Strike
2-1: Swinging Strike
2-2: Foul Ball, location: 2F
2-2: Foul Ball, location: 2F
2-2: 2-RUN HOME RUN (Flyball, 89XD), Distance : 405 ft
Batting: LHB António Cedeño 0-0: Fly out, F7 (Flyball, 7LS)
Batting: RHB Ben Morton 0-0: Called Strike
0-1: Ball
1-1: Ball
2-1: SINGLE (Groundball, 56D)
Batting: LHB Ed Hart 0-0: Ball
1-0: Ball
2-0: Fly out, F7 (Flyball, 7D)
Bottom of the 3rd over - 2 run(s), 3 hit(s), 0 error(s), 1 left on base; Portland 2 - Tuscaloosa 12
TOP OF THE 4TH
Portland Privateers batting - Pitching for Tuscaloosa Trout Slayers : RHP Jesús Zapata
Batting: LHB Yasuhiko Onodera 0-0: Foul Ball, location: 2F
0-1: Called Strike
0-2: Ball
1-2: Foul Ball, location: 2F
1-2: Ball
2-2: Ball
3-2: Foul Ball, location: 2F
3-2: Foul Ball, location: 2F
3-2: Base on Balls
Batting: RHB Troy Lau 0-0: Swinging Strike
0-1: Foul Ball, location: 2F
0-2: Ball
1-2: Strikes out swinging
Batting: LHB Juan Acotia 0-0: Called Strike
0-1: Ball
1-1: SINGLE (Flyball, 78S)
Yasuhiko Onodera to second
Batting: LHB Pedro Padilla 0-0: Ball
1-0: Foul Ball, location: 2F
1-1: Ball
Wild Pitch!
Yasuhiko Onodera to third
Juan Acotia to second
2-1: DOUBLE (Groundball, 5L)
Yasuhiko Onodera scores
Juan Acotia scores
Batting: LHB Dillon Beck 0-0: SINGLE (Flyball, 7S)
Pedro Padilla to third
Batting: RHB José Balina 0-0: Called Strike
0-1: Ball
Dillon Beck steals 2nd base
1-1: Foul Ball, location: 2F
1-2: Ball
2-2: Foul Ball, location: 2F
2-2: Foul Ball, location: 2F
2-2: Ball
3-2: Strikes out swinging
Batting: SHB Patrick Larson 0-0: Fly out, F7 (Flyball, 78D)
Top of the 4th over - 2 run(s), 3 hit(s), 0 error(s), 2 left on base; Portland 4 - Tuscaloosa 12
BOTTOM OF THE 4TH
Tuscaloosa Trout Slayers batting - Pitching for Portland Privateers : RHP José García
Batting: RHB Shigemasa Ishida 0-0: Ball
1-0: Fly out, F7 (Flyball, 7)
Pitching: RHP Neal Dillard
Batting: RHB Jason Saunders 0-0: Ball
1-0: Called Strike
1-1: Foul Ball, location: 2F
1-2: Ball
2-2: Ball
3-2: Strikes out looking
Batting: LHB Mark Owens 0-0: Called Strike
0-1: Ball
1-1: Ball
2-1: SINGLE (Line Drive, 4MD)
Batting: RHB Pat Fullerton 0-0: Swinging Strike
0-1: Foul Ball, location: 2F
0-2: Ball
1-2: Hit by Pitch
Mark Owens to second
Batting: LHB Marcos Villarreal 0-0: Swinging Strike
0-1: Foul Ball, location: 2F
0-2: Foul Ball, location: 2F
0-2: Ball
1-2: Ball
2-2: Ball
3-2: SINGLE (Line Drive, 78S)
Mark Owens to third
Pat Fullerton to second
Mark Owens scores
Pat Fullerton to third
Batting: LHB Pat Zimmerman 0-0: Ball
1-0: Ball
2-0: Foul Ball, location: 2F
2-1: Foul Ball, location: 2F
2-2: Foul Ball, location: 2F
2-2: Foul Ball, location: 2F
2-2: Ball
3-2: Base on Balls
Marcos Villarreal to second
Batting: LHB António Cedeño 0-0: Called Strike
0-1: Swinging Strike
0-2: Ball
1-2: Ball
2-2: Ball
3-2: Foul Ball, location: 2F
3-2: Fly out, F9 (Flyball, 89M)
Bottom of the 4th over - 1 run(s), 2 hit(s), 0 error(s), 3 left on base; Portland 4 - Tuscaloosa 13
TOP OF THE 5TH
Portland Privateers batting - Pitching for Tuscaloosa Trout Slayers : RHP Jesús Zapata
Batting: RHB Dave Nelson 0-0: Ball
1-0: Ball
2-0: Ball
3-0: Called Strike
3-1: Base on Balls
Batting: LHB Jeff Dorney 0-0: Called Strike
0-1: Hit by Pitch
Dave Nelson to second
Batting: LHB Yasuhiko Onodera 0-0: Called Strike
0-1: Ball
1-1: Swinging Strike
1-2: Ball
2-2: Ball
3-2: Strikes out swinging
Batting: RHB Troy Lau 0-0: Foul Ball, location: 2F
0-1: Foul Ball, location: 2F
0-2: Strikes out swinging
Batting: LHB Juan Acotia 0-0: Swinging Strike
0-1: Foul Ball, location: 2F
0-2: Strikes out looking
Top of the 5th over - 0 run(s), 0 hit(s), 0 error(s), 2 left on base; Portland 4 - Tuscaloosa 13
BOTTOM OF THE 5TH
Tuscaloosa Trout Slayers batting - Pitching for Portland Privateers : RHP Neal Dillard
Batting: RHB Ben Morton 0-0: Called Strike
0-1: Ball
1-1: Ball
2-1: Foul Ball, location: 2F
2-2: DOUBLE (Line Drive, 7D)
Pitching: RHP Carlos Molina
Batting: LHB Ed Hart 0-0: Called Strike
0-1: SINGLE (Line Drive, 9S)
Ben Morton to third
Batting: RHB Shigemasa Ishida 0-0: Ball
1-0: Ball
2-0: Called Strike
2-1: Foul Ball, location: 2F
2-2: Strikes out looking
Batting: RHB Jason Saunders 0-0: Ball
1-0: Ball
2-0: Swinging Strike
2-1: Foul Ball, location: 2F
2-2: Ball
3-2: DOUBLE (Line Drive, 7LS)
Ben Morton scores
Ed Hart to third
Runner from 3rd tries for Home, SAFE, throw made home
Batting: LHB Mark Owens 0-0: Fly out, F4 (Line Drive, 4)
Batting: RHB Pat Fullerton 0-0: Ball
1-0: Ground out 6-3 (Groundball, 6)
Bottom of the 5th over - 2 run(s), 3 hit(s), 0 error(s), 1 left on base; Portland 4 - Tuscaloosa 15
TOP OF THE 6TH
Portland Privateers batting - Pitching for Tuscaloosa Trout Slayers : RHP Jesús Zapata
Batting: LHB Pedro Padilla 0-0: Ball
1-0: Ball
2-0: Called Strike
2-1: Foul Ball, location: 2F
2-2: Fly out, F7 (Flyball, 78M)
Batting: LHB Dillon Beck 0-0: Ball
1-0: Ball
2-0: Foul Ball, location: 2F
2-1: Foul Ball, location: 2F
2-2: Ball
3-2: Fly out, F6 (Line Drive, 6)
Batting: RHB José Balina 0-0: Ball
1-0: Ball
2-0: Called Strike
2-1: SINGLE (Line Drive, 4D)
Pitching: RHP Jules Côté
Batting: SHB Patrick Larson 0-0: Ground out 1-3 (Groundball, P)
Top of the 6th over - 0 run(s), 1 hit(s), 0 error(s), 1 left on base; Portland 4 - Tuscaloosa 15
BOTTOM OF THE 6TH
Tuscaloosa Trout Slayers batting - Pitching for Portland Privateers : RHP Carlos Molina
Pinch Hitting: LHB Miguel Rosa 0-0: Ball
1-0: Ground out 4-3 (Groundball, 4)
Batting: LHB Pat Zimmerman 0-0: Swinging Strike
0-1: Ball
1-1: SINGLE (Line Drive, 8RS)
Batting: LHB António Cedeño 0-0: Ball
1-0: Fly out, F9 (Flyball, 9S)
Batting: RHB Ben Morton 0-0: Called Strike
0-1: Called Strike
0-2: Ground out 5-3 (Groundball, 56S)
Bottom of the 6th over - 0 run(s), 1 hit(s), 0 error(s), 1 left on base; Portland 4 - Tuscaloosa 15
TOP OF THE 7TH
Portland Privateers batting - Pitching for Tuscaloosa Trout Slayers : RHP Jules Côté
Now in LF: Miguel Rosa
Batting: RHB Dave Nelson 0-0: Called Strike
0-1: Fly out, F9 (Flyball, 9)
Batting: LHB Jeff Dorney 0-0: Ball
1-0: Ground out U3 (Groundball, 3)
Batting: LHB Yasuhiko Onodera 0-0: Ball
1-0: Foul Ball, location: 2F
1-1: Ball
2-1: Foul Ball, location: 2F
2-2: SINGLE (Groundball, 4MD)
Batting: RHB Troy Lau 0-0: Ball
1-0: Swinging Strike
1-1: Called Strike
1-2: Foul Ball, location: 2F
1-2: Ball
2-2: Fielders Choice at 2nd, 4-6 (Groundball, 4)
Top of the 7th over - 0 run(s), 1 hit(s), 0 error(s), 0 left on base; Portland 4 - Tuscaloosa 15
BOTTOM OF THE 7TH
Tuscaloosa Trout Slayers batting - Pitching for Portland Privateers : RHP Carlos Molina
Batting: LHB Ed Hart 0-0: Ball
1-0: Ground out U3 (Groundball, 3L)
Batting: RHB Shigemasa Ishida 0-0: Ball
1-0: Ball
2-0: Foul Ball, location: 2F
2-1: Foul Ball, location: 2F
2-2: Ball
3-2: Foul Ball, location: 2F
3-2: Ground out U3 (Groundball, 3)
Batting: RHB Jason Saunders 0-0: Ball
1-0: Called Strike
1-1: Foul Ball, location: 2F
1-2: Ball
2-2: Ball
3-2: Strikes out swinging
Bottom of the 7th over - 0 run(s), 0 hit(s), 0 error(s), 0 left on base; Portland 4 - Tuscaloosa 15
TOP OF THE 8TH
Portland Privateers batting - Pitching for Tuscaloosa Trout Slayers : RHP Jules Côté
Batting: LHB Juan Acotia 0-0: Ball
1-0: Ball
2-0: Ball
3-0: Called Strike
3-1: SOLO HOME RUN (Flyball, 9D), Distance : 402 ft
Batting: LHB Pedro Padilla 0-0: Ball
1-0: Ball
2-0: Ball
3-0: Called Strike
3-1: Foul Ball, location: 2F
3-2: Fly out, F4 (Popup, 34D)
Batting: LHB Dillon Beck 0-0: SINGLE (Groundball, 34D)
Batting: RHB José Balina 0-0: Called Strike
0-1: Ball
1-1: SINGLE (Line Drive, 56D)
Dillon Beck to second
Batting: SHB Patrick Larson 0-0: Ball
1-0: Ball
2-0: Fielders Choice at 2nd, 1-6 (Groundball, P)
Dillon Beck to third
Batting: RHB Dave Nelson 0-0: Swinging Strike
0-1: Ball
1-1: Ball
2-1: Ball
3-1: Foul Ball, location: 2F
Pickoff Throw to First - Out!
Top of the 8th over - 1 run(s), 3 hit(s), 0 error(s), 0 left on base; Portland 5 - Tuscaloosa 15
BOTTOM OF THE 8TH
Tuscaloosa Trout Slayers batting - Pitching for Portland Privateers : RHP Carlos Molina
Pitching: RHP Cade Baird
Pinch Hitting: RHB César Reyes 0-0: Called Strike
0-1: Ball
1-1: Ball
2-1: Swinging Strike
2-2: Ground out 6-3 (Groundball, 56)
Batting: RHB Pat Fullerton 0-0: Called Strike
0-1: Ball
1-1: Foul Ball, location: 2F
1-2: SINGLE (Groundball, 6MD)
Batting: LHB Miguel Rosa 0-0: Ball
1-0: Ball
2-0: Ball
3-0: Called Strike
3-1: Fly out, F8 (Line Drive, 8LS)
Batting: LHB Pat Zimmerman 0-0: Ball
1-0: Foul Ball, location: 2F
1-1: Foul Ball, location: 2F
1-2: 2-RUN HOME RUN (Flyball, 7D), Distance : 349 ft
Batting: LHB António Cedeño 0-0: Ball
1-0: Ball
2-0: Ball
3-0: Base on Balls
Batting: RHB Ben Morton 0-0: Ball
1-0: Ball
2-0: Ball
3-0: Base on Balls
António Cedeño to second
Batting: LHB Ed Hart 0-0: Ball
1-0: Ball
2-0: Ball
3-0: Base on Balls
António Cedeño to third
Ben Morton to second
Pinch Hitting: LHB Wilford Lush 0-0: Ball
1-0: SINGLE (Groundball, 34) (infield hit)
António Cedeño scores
Ben Morton to third
Ed Hart to second
Pitching: LHP Mike Campbell
Batting: RHB Jason Saunders 0-0: Called Strike
0-1: SINGLE (Groundball, 3D)
Ben Morton scores
Ed Hart to third
Wilford Lush to second
Runner from 3rd tries for Home, SAFE, no throw
Batting: RHB César Reyes 0-0: Fielders Choice at 2nd, 4-6 (Groundball, 4)
Bottom of the 8th over - 5 run(s), 4 hit(s), 0 error(s), 1 left on base; Portland 5 - Tuscaloosa 20
TOP OF THE 9TH
Portland Privateers batting - Pitching for Tuscaloosa Trout Slayers : RHP Jules Côté
Now at 2B: Wilford Lush
Now at 3B: César Reyes
Now in CF: Lowie van den Bogaert
Batting: RHB Dave Nelson 0-0: Called Strike
0-1: Ball
1-1: Swinging Strike
1-2: SINGLE (Line Drive, 7S)
Batting: LHB Jeff Dorney 0-0: Ball
1-0: Foul Ball, location: 2F
1-1: Ball
2-1: Foul Ball, location: 2F
2-2: Strikes out looking
Batting: LHB Yasuhiko Onodera 0-0: Foul Ball, location: 2F
0-1: Ball
1-1: Ball
2-1: 2-RUN HOME RUN (Flyball, 78XD), Distance : 388 ft
Pitching: LHP Aaron Gibbs
Batting: RHB Troy Lau 0-0: Swinging Strike
0-1: Ball
1-1: Called Strike
1-2: Ball
2-2: Foul Ball, location: 2F
2-2: Foul Ball, location: 2F
2-2: Ball
3-2: Fly out, F4 (Line Drive, 4)
Batting: LHB Juan Acotia 0-0: Called Strike
0-1: Foul Ball, location: 2F
0-2: SINGLE (Groundball, 4MD)
Batting: LHB Pedro Padilla 0-0: SINGLE (Line Drive, 6D)
Juan Acotia to second
Batting: LHB Dillon Beck 0-0: Called Strike
0-1: Ball
1-1: SINGLE (Groundball, 4MD)
Juan Acotia to third
Pedro Padilla to second
Runner from 3rd tries for Home, SAFE, throw made at trailing runner, SAFE at third!
Batting: RHB José Balina 0-0: Called Strike
0-1: Swinging Strike
0-2: Fly out, F5 (Popup, 5D)
Top of the 9th over - 3 run(s), 5 hit(s), 0 error(s), 2 left on base; Portland 8 - Tuscaloosa 20
Thursday, March 30th, 2017 - OOTP Baseball 17.12 Build 75